 Dungeon Crawl Stone Soup version 0.15.1-4-gac8487e (webtiles) character file.

44 Johnny the Chiller (level 3, -2/28 HPs)
             Began as a Demigod Ice Elementalist on Oct 14, 2014.
             Slain by a gnoll
             ... wielding a +0 spear
              (3 damage)
             ... on Level 2 of the Dungeon.
             The game lasted 00:02:37 (1055 turns).

Johnny the Chiller (Demigod Ice Elementalist)       Turns: 1055, Time: 00:02:38

HP  -2/28        AC  3     Str 12      XL: 3   Next: 23%
MP   7/8         EV 12     Int 20      God:
Gold 94          SH  0     Dex 16      Spells:  1 memorised,  6 levels left

rFire  . . .     SeeInvis .     j - +0 halberd
rCold  . . .     Clarity  .     a - +0 robe
rNeg   . . .     rCorr    .     (no shield)
rPois  .         rRot     .     (no helmet)
rElec  .         Spirit   .     (no cloak)
SustAb .         Warding  .     d - +0 pair of gloves
rMut   .         Stasis   .     (no boots)
Gourm  .                        (no amulet)
MR     .....                    (no ring)
                                (no ring)

@: very slightly contaminated, hasted, very quick, not resistant to hostile
enchantments, unstealthy
A: no striking features
a: no special abilities


You were on level 2 of the Dungeon.
You were hungry.

You visited 1 branch of the dungeon, and saw 2 of its levels.

You collected 94 gold pieces.

Inventory:

Hand weapons
 e - a +0 dagger
 j - a +0 halberd (weapon)
Armour
 a - a +0 robe (worn)
 d - a +0 pair of gloves (worn)
Comestibles
 c - a bread ration
Scrolls
 f - 2 scrolls of noise {unknown}
 h - a scroll of enchant armour {unknown}
 i - a scroll of blinking {unknown}
 k - 2 scrolls of identify {unknown}
Jewellery
 g - an uncursed amulet of stasis
Potions
 l - a potion of mutation {unknown}
Books
 b - a book of Frost

   Spells                             Type                      Level
   *Freeze                            Ice                          1
   Throw Frost                        Conjuration/Ice              2
   Ozocubu's Armour                   Charms/Ice                   3
   Throw Icicle                       Conjuration/Ice              4
   Summon Ice Beast                   Ice/Summoning                4
   Condensation Shield                Ice                          4


   Skills:
 * Level 1.0 Fighting
 + Level 0.1 Armour
 + Level 1.8 Dodging
 + Level 2.1 Stealth
 * Level 2.5 Spellcasting
   Level 0.8 Conjurations
 * Level 3.0 Ice Magic


You had 6 spell levels left.
You knew the following spells:

 Your Spells              Type           Power        Failure   Level  Hunger
a - Freeze                Ice            ##..         4%          1    None


Dungeon Overview and Level Annotations

Branches:
Dungeon (2/15)


Message History

Your Ice Magic skill increases to level 3!
The gnoll hits you from afar with a spear!
* * * LOW HITPOINT WARNING * * *
Drink which item? (? for menu, Esc to quit)
Your amulet of stasis emits a piercing whistle.
It was a potion of haste.
The gnoll closely misses you.
Drink which item? (? for menu, Esc to quit)
Okay, then.
You remove your amulet of stasis.
The gnoll hits you from afar with a spear.
* * * LOW HITPOINT WARNING * * *
Drink which item? (? for menu, Esc to quit)
You feel yourself speed up. The gnoll barely misses you.
You are very lightly contaminated with residual magic.
Attack whom?
Press: ? - help, Dir - move target cursor, f - gnoll
Aim: a gnoll, wielding a spear You reach to attack!
You hit the gnoll but do no damage.
The gnoll hits you from afar with a spear.
You die...

....... #..#
........###..###.#
#.w........# #
#.########..#####
## #...........# .
###........w# #
#####.###g# # ##
#.# #.# + .# #.#
#@# #### .# #.#
#.# ...# .# #.#
#.# #..##.# #.#
### (..##.# #.#
......#
#.##########
.%.#..#
#..........#
.#.#..#
##########.#
.#.#..# #.#


You could see a worm and a gnoll.

Vanquished Creatures
  3 gnolls
  A giant cockroach (D:2)
  2 goblins (D:1)
  4 hobgoblins (D:1)
  2 bats (D:1)
  A giant newt (D:1)
  3 kobolds
  3 rats (D:1)
19 creatures vanquished.

Notes
Turn   | Place    | Note
--------------------------------------------------------------
     0 | D:1      | Johnny, the Demigod Ice Elementalist, began the quest for the Orb.
     0 | D:1      | Reached XP level 1. HP: 14/14 MP: 3/3
     0 | D:1      | Noticed a red draconian
     1 | D:1      | Noticed a purple draconian
     3 | D:1      | Noticed an orb of fire
     3 | D:1      | Noticed a large abomination
     6 | D:1      | Noticed an ice dragon
     7 | D:1      | Noticed a large abomination
    10 | D:1      | Noticed a shadow dragon
    10 | D:1      | Noticed an ice dragon
    12 | D:1      | Noticed an iron dragon
    12 | D:1      | Noticed a tentacled monstrosity
    16 | D:1      | Noticed a tentacled monstrosity
    16 | D:1      | Noticed a tentacled monstrosity
    18 | D:1      | Noticed a large abomination
    18 | D:1      | Noticed a white draconian
    19 | D:1      | Noticed an ice dragon
   577 | D:1      | Reached XP level 2. HP: 22/22 MP: 3/5
   580 | D:1      | Reached skill level 1 in Fighting
  1042 | D:2      | Reached XP level 3. HP: 19/28 MP: 6/8
  1045 | D:2      | Reached skill level 3 in Ice Magic
  1045 | D:2      | HP: 1/28 [gnoll/spear (9)]
  1053 | D:2      | HP: 1/28 [gnoll/spear (1)]
  1055 | D:2      | Slain by a gnoll

Action                   || total
-------------------------++-------
Melee: Dagger            ||    19
       Unarmed           ||     2
       Halberd           ||    16
 Cast: Freeze            ||    18
  Use: Potion            ||     2
